 Dungeon Sprint DCSS version 0.28.0-43-g3370ac3207 (webtiles) character file.

Game seed: 13734769111507883727

169 boopmooplesden the Carver (level 5, -10/56 HPs)
             Began as a Minotaur Berserker on Mar 20, 2022.
             Was a Believer of Trog.
             Killed from afar by an oklob sapling wizard (34 damage)
             ... with a splash of acid
             ... in the Dungeon (Sprint IV: "Fedhas' Mad Dash").
             The game lasted 00:00:58 (999 turns).

boopmooplesden the Carver (Minotaur Berserker)       Turns: 999, Time: 00:01:00

Health: -10/56     AC: -1    Str: 22    XL:     5   Next: 25%
Magic:  2/4        EV: 13    Int:  4    God:    Trog [**....]
Gold:   78         SH:  0    Dex: 11    Spells: 4/4 levels left

rFire   . . .      SeeInvis .   a - +0 falchion
rCold   . . .      Faith    .   (no shield)
rNeg    . . .      Spirit   .   b - +0 animal skin
rPois   .          Reflect  .   (helmet restricted)
rElec   .          Harm     .   (no cloak)
rCorr   .          Rampage  .   (no gloves)
Will    .....      NoTele   +   (no boots)
Stlth   +.........              i - amulet of invisibility {+Inv}
HPRegen 0.18/turn               (no ring)
MPRegen 0.09/turn               (no ring)

@: corroded, very slightly contaminated, invisible
A: horns 2, retaliatory headbutt
a: Renounce Religion, Evoke Invisibility, Berserk, Trog's Hand


You were in the Dungeon.
You worshipped Trog.
Trog was pleased with you.
You visited 1 branch You collected 78 gold pieces.

Inventory:

Hand Weapons
 a - a +0 falchion (weapon)
Armour
 b - a +0 animal skin (worn)
Jewellery
 i - the amulet of invisibility (around neck) {+Inv}
   (You found it in the Dungeon)

   [amulet of nothing]

   +Inv:      It lets you turn invisible.
Scrolls
 h - a scroll of blinking
Potions
 c - 2 potions of curing
 d - a potion of heal wounds
 e - a potion of haste
 f - 2 potions of magic
 g - a potion of berserk rage


   Skills:
 + Level 8.5 Fighting
 + Level 9.1 Long Blades
 + Level 4.6 Armour
 + Level 4.2 Dodging
 + Level 0.9 Stealth
 + Level 0.3 Evocations


You had 4 spell levels left.
You didn't know any spells.
Your spell library was empty.

Dungeon Overview and Level Annotations

Branches:
Dungeon (1/1)

Altars:
Cheibriados
Dithmenos
Elyvilon
Gozag
Hepliaklqana
Kikubaaqudgha
Makhleb
Nemelex Xobeh
Okawaru
Qazlal
Ru
Sif Muna
Trog
Uskayaw
Vehumet
Wu Jian
Xom
Yredelemnul
Zin
The Shining One
Beogh
Jiyva
Lugonu

Annotations:
D exclusion: oklob sapling


Innate Abilities, Weirdness & Mutations

You have a pair of horns on your head.
You reflexively headbutt those who attack you in melee.


Message History

You start resting.
You are no longer corroded.
You start resting.
Your magical contamination has completely faded away.
You start resting.
Magic restored.
You start resting.
You feel yourself speed up.
You start resting.
You recover from your berserk rage.
You fail to use your ability.
You fade into invisibility!
You are very lightly contaminated with residual magic.
Okay, then.
You open the door.
An oklob sapling wizard comes into view.
Marking area around an oklob sapling wizard as unsafe for travelling.
Found 13 stones.
Found 10 gold pieces.
There is an open door here.
You slash the oklob sapling wizard!
The oklob sapling wizard is heavily damaged.
You hit the oklob sapling wizard but do no damage.
The oklob sapling wizard is heavily damaged.
The oklob sapling wizard spits acid at you.
The splash of acid hits you!! The acid corrodes you!
You hit the oklob sapling wizard but do no damage.
The oklob sapling wizard is heavily damaged.
The oklob sapling wizard begins to cast a cantrip, but forgets the words!
You hit the oklob sapling wizard.
The oklob sapling wizard is almost destroyed.
You hit the oklob sapling wizard.
The oklob sapling wizard is almost destroyed.
You hit the oklob sapling wizard but do no damage.
You punch the oklob sapling wizard, but do no damage.
The oklob sapling wizard is almost destroyed.
The oklob sapling wizard spits acid at you.
The splash of acid hits you!!
Ouch! That really hurt!
You die...

###################
.#.⌠._._._._.⌠.#.(+
.'.._._._._._..'@P#
.#..._._._._...#..#
##.._._._._._..#.$#
.#._._._._._.⌠.####
.############### ##


You could see an oklob sapling wizard.

Vanquished Creatures
  A scorpion (D)
  3 oklob saplings (D)
  A river rat (D)
  A rat (D)
6 creatures vanquished.

Notes
Turn   | Place    | Note
-------+----------+-------------------------------------------
     0 | D        | boopmooplesden the Minotaur Berserker began the quest for
                  | the Orb.
     0 | D        | Reached XP level 1. HP: 19/19 MP: 0/0
    16 | D        | Reached skill level 4 in Long Blades
    16 | D        | Reached XP level 2. HP: 28/28 MP: 1/1
    55 | D        | Noticed an oklob sapling
    55 | D        | HP: 1/28 [oklob sapling/splash of acid (27)]
   556 | D        | Noticed a scorpion
   557 | D        | Killed an oklob sapling
   558 | D        | Reached skill level 5 in Fighting
   558 | D        | Reached skill level 6 in Long Blades
   558 | D        | Reached XP level 3. HP: 37/37 MP: 2/2
   558 | D        | Killed a scorpion
   558 | D        | Reached ** piety under Trog
   559 | D        | Reached skill level 7 in Long Blades
   559 | D        | Reached XP level 4. HP: 47/47 MP: 3/3
   560 | D        | Found the amulet of invisibility {+Inv}
   800 | D        | Reached skill level 8 in Long Blades
   930 | D        | Found an opulent altar of Gozag.
   930 | D        | Found a hazy altar of Hepliaklqana.
   930 | D        | Found a snail-covered altar of Cheibriados.
   938 | D        | Found a viscous altar of Jiyva.
   938 | D        | Found a burning altar of Makhleb.
   938 | D        | Found a sparkling altar of Nemelex Xobeh.
   938 | D        | Found a sacrificial altar of Ru.
   938 | D        | Found a shimmering blue altar of Sif Muna.
   938 | D        | Found a bloodstained altar of Trog.
   938 | D        | Found an ornate altar of the Wu Jian Council.
   938 | D        | Found a shimmering altar of Xom.
   938 | D        | Found a basalt altar of Yredelemnul.
   939 | D        | Found an iron altar of Okawaru.
   939 | D        | Found a shadowy altar of Dithmenos.
   939 | D        | Found a glowing silver altar of Zin.
   940 | D        | Found an ancient bone altar of Kikubaaqudgha.
   940 | D        | Found a hide-covered altar of Uskayaw.
   941 | D        | Found a stormy altar of Qazlal.
   941 | D        | Found a white marble altar of Elyvilon.
   941 | D        | Found a glowing golden altar of the Shining One.
   942 | D        | Found a corrupted altar of Lugonu.
   942 | D        | Found a radiant altar of Vehumet.
   954 | D        | Reached skill level 9 in Long Blades
   954 | D        | Reached XP level 5. HP: 52/56 MP: 2/4
   999 | D        | Killed from afar by an oklob sapling wizard

Illustrated notes

Levels and vault maps discovered:
D:        dungeon_sprint_fedhas [sprint_temple]

Skill      XL: |  1  2  3  4 |
---------------+-------------+-----
Fighting       | 4 5 7 8 |  8.5
Long Blades    | 4 6 7 9 |  9.1
Armour         | 3 4 |  4.6
Dodging        | 3 4 |  4.2
Stealth        | |  0.9
Evocations     | |  0.3

Action                   |  1- 3 |  4- 6 || total
-------------------------+-------+-------++-------
Melee: Falchion          |    11 |    16 ||    27
       Headbutt          |       |     3 ||     3
       Punch             |       |     1 ||     1
Invok: Berserk           |     2 |     2 ||     4
 Abil: Evoke Invisibilit |       |     2 ||     2
 Stab: Invisible         |       |     3 ||     3
       Sleeping          |       |     1 ||     1
Dodge: Dodged            |     5 |     3 ||     8
